 Dungeon Crawl Stone Soup version 0.30-a0-920-g7493c07aab (webtiles) character file.

Game seed: 2747003656806696705

40 jasper the Shooter (level 3, -4/27 HPs)
             Began as a Demonspawn Hunter on Mar 21, 2023.
             Was a Follower of Nemelex Xobeh.
             Slain by an iguana (6 damage)
             ... on level 2 of the Dungeon.
             The game lasted 00:01:44 (940 turns).

jasper the Shooter (Demonspawn Hunter)               Turns: 940, Time: 00:01:45

Health: -4/27      AC:  3    Str: 13    XL:     3   Next: 30%
Magic:  3/3        EV: 12    Int: 10    God:    Nemelex Xobeh [*.....]
Gold:   40         SH:  4    Dex: 16    Spells: 2/2 levels left

rFire   . . .      SeeInvis .    a - +0 shortbow
rCold   . . .      Faith    .    (shield currently unavailable)
rNeg    . . .      Spirit   .    c - +0 leather armour
rPois   .          Reflect  .    (helmet restricted)
rElec   .          Rampage  .    (no cloak)
rCorr   .                        (no gloves)
Will    .....                    (no boots)
Stlth   +                        (no amulet)
HPRegen 0.24/turn                (no ring)
MPRegen 0.08/turn                (no ring)

@: lethally poisoned (-4 -> -7)
A: antennae 1, large bone plates 1
a: Renounce Religion, Draw Escape, Draw Destruction, Draw Summoning


You were on level 2 of the Dungeon.
You worshipped Nemelex Xobeh.
Nemelex Xobeh was aware of your devotion.
You visited 1 branch of the dungeon, and saw 2 of its levels.

You collected 40 gold pieces.

Inventory:

Hand Weapons
 a - a +0 shortbow (weapon)
 e - a +0 dagger of venom
Armour
 c - a +0 leather armour (worn)
Jewellery
 k - a ring of magical power
Scrolls
 b - a scroll of immolation
 f - a scroll of blinking {unknown}
 g - a scroll of fog {unknown}
 h - a scroll of amnesia {unknown}
 i - a scroll of magic mapping {unknown}
 j - a scroll of noise {unknown}
 l - 3 scrolls of brand weapon {unknown}
 n - 3 scrolls of identify {unknown}
Potions
 d - a potion of cancellation {unknown}
 m - a potion of mutation {unknown}
 o - a potion of might {unknown}


   Skills:
 + Level 2.3 Fighting
 * Level 4.3 Ranged Weapons
 + Level 0.8 Armour
 - Level 1.7 Dodging
 - Level 0.8 Stealth
 + Level 1.0 Invocations


You had 2 spell levels left.
You didn't know any spells.
Your spell library contained the following spells:

 Spells                   Type           Power      Damage    Failure   Level
 Cigotuvi's Dreadful Rot  Necr/Pois/Air  0%         N/A       58%         2
 Ignite Poison            Fire/Tmut/Pois 0%         N/A       82%         3


Dungeon Overview and Level Annotations

Branches:
Dungeon (2/15)

Altars:
Nemelex Xobeh


Innate Abilities, Weirdness & Mutations

You have a pair of small antennae on your head.
You are partially covered in large bone plates. (SH +4)


Message History

Aim: an adder (severely wounded, 46% to hit)
You shoot an arrow.
The arrow hits the adder but does no damage.
The adder is severely wounded.
You feel sick. The adder closely misses you. The adder bites you.
You are more poisoned.
The adder poisons you!
You take 2 damage, and have 19/27 hp.
Fire: a) +0 shortbow
Press: ? - help, Q - select action, (/) - cycle Shift-Dir - straight line, f/p - adder
Aim: an adder (severely wounded, 46% to hit)
You shoot an arrow. The arrow hits the adder.
The adder is almost dead.
You feel very sick. You block the adder's attack. The adder barely misses you.
You take 2 damage, and have 17/27 hp.
You draw a card...
You have drawn Vitriol.
Press: ? - help, Shift-Dir - straight line, f/p - adder
Aim: an adder (almost dead)
The glob of acid hits the adder!!
The acid corrodes the adder!
You kill the adder!
You feel sick.
Your Invocations skill increases to level 1!
You take 1 damage, and have 16/27 hp.
Fire: a) +0 shortbow
Press: ? - help, Q - select action, (/) - cycle Shift-Dir - straight line, f - iguana
Aim: an iguana (severely wounded, 66% to hit)
You shoot an arrow. The arrow closely misses the iguana.
You feel sick. The iguana completely misses you.
You take 2 damage, and have 14/27 hp.
Fire: a) +0 shortbow
Press: ? - help, Q - select action, (/) - cycle Shift-Dir - straight line, f/p - iguana
Aim: an iguana (severely wounded, 66% to hit)
You shoot an arrow. The arrow closely misses the iguana.
You feel sick. The iguana bites you!
* * * LOW HITPOINT WARNING * * *
The iguana bites you.
You die...
Your body disappears without a glow.

#..~~........##.###.#..
##............##....†+..
#.#.................##.#..
#.......................##
#########....###......#.
#>##.# #......##.#
#.#..###......# .#
#l#)..........##.#
#@###....(....##..
#...+............#
#####.....##.....#
########.....# #.....#
#.....# #...... #######


You could see an iguana.

Vanquished Creatures
  An adder (D:2)
  A dart slug (D:1)
  3 endoplasms
  3 goblins
  2 hobgoblins
  2 jackals (D:1)
  4 quokkas
  2 ball pythons
  4 bats
  A frilled lizard (D:1)
  A kobold (D:1)
  2 rats (D:2)
26 creatures vanquished.

Notes
Turn   | Place    | Note
-------+----------+-------------------------------------------
     0 | D:1      | jasper the Demonspawn Hunter began the quest for the Orb.
     0 | D:1      | Reached XP level 1. HP: 16/16 MP: 1/1
   101 | D:1      | Reached skill level 4 in Ranged Weapons
   112 | D:1      | Gained mutation: You are partially covered in large bone
                  | plates. (SH +4) [demonic ancestry]
   112 | D:1      | Reached XP level 2. HP: 22/22 MP: 2/2
   174 | D:1      | Got Hodupn's Handbook of Putridity and the Inferno
   376 | D:1      | Found a faded altar of an unknown god.
   418 | D:1      | Prayed at the altar of an unknown god.
   418 | D:1      | Became a worshipper of Nemelex Xobeh the Trickster
   418 | D:1      | Reached * piety under Nemelex Xobeh
   519 | D:1      | Received a gift from Nemelex Xobeh
   922 | D:2      | Gained mutation: You have a pair of small antennae on your
                  | head. [demonic ancestry]
   922 | D:2      | Reached XP level 3. HP: 27/27 MP: 3/3
   939 | D:2      | Reached skill level 1 in Invocations
   940 | D:2      | Slain by an iguana

Illustrated notes

Levels and vault maps discovered:
D:1:      lightli_arrival_lavapool, layout_basic,
          hellmonk_ecumenical_altar_inner_sanctum, minivault_4, glass_columns_a
D:2:      cheibrodos_helix_gallery, layout_basic, kennysheep_generic_room_4,
          uniq_jessica

Skill      XL: |  1  2  3 |
---------------+----------+-----
Ranged Weapons | 4 |  4.3
Invocations    | 1 |  1.0
Fighting       | |  2.3
Armour         | |  0.8
Dodging        | |  1.7
Stealth        | |  0.8

Action                     || total
---------------------------++-------
  Melee: Dagger            ||    15
   Fire: Shortbow          ||    69
 Invoke: Draw Destruction  ||     2
 Armour: Leather armour    ||    16
  Dodge: Dodged            ||    29
  Block: Other             ||     3

Table legend: (Time is in decaauts)
 A = Elapsed time spent in this place.
 B = Non-inter-level travel time spent in this place.
 C = Inter-level travel time spent in this place.
 D = Time resting spent in this place.
 E = Time spent auto-exploring this place.
 F = Levels seen in this place.
 G = Mean time per level.
                   A        B        C        D        E       F      G
               +--------+--------+--------+--------+--------+-----+--------+
         Total |    961 |    918 |     43 |     39 |    701 |   2 |  480.5 |
       Dungeon |    961 |    918 |     43 |     39 |    701 |   2 |  480.5 |
               +--------+--------+--------+--------+--------+-----+--------+

Top non-repeatable levels by time:
     D:1: 818 daAuts
     D:2: 143 daAuts
